 Dungeon Crawl Stone Soup version 0.31.0-11-ge490571c62 (webtiles) character file.

Game seed: 14789259427227544566

67083 Ekaitz the Bewitcher (level 14, -4/103 HPs)
             Began as a Vampire Enchanter on Feb 5, 2024.
             Was a High Priest of Sif Muna.
             Slain by a death yak (20 damage)
             ... on level 5 of the Lair of Beasts on Feb 8, 2024.
             The game lasted 01:31:42 (19767 turns).

Ekaitz the Bewitcher (Vampire Enchanter)           Turns: 19767, Time: 01:31:42

Health: -4/103     AC: 17    Str: 11    XL:     14   Next: 81%
Magic:  18/34      EV: 23    Int: 26    God:    Sif Muna [*****.]
Gold:   944        SH: 12    Dex: 18    Spells: 5/28 levels left

rFire   . . .        p - +7 dagger "Xinust" {pain, rCorr Int-2 Dex+3}
rCold   . . .        x - +1 buckler {AC+3}
rNeg    . . .        X - +4 robe of the Charming Gods {rCorr Str+3 Stlth+}
rPois   .            P - +0 helmet
rElec   .            W - +0 cloak
rCorr   +            f - +0 pair of gloves
SInv    +            T - +2 pair of boots of Tegatirchan {Str+3}
Will    +....        k - amulet of reflection
Stlth   ++++++       g - ring of magical power
HPRegen 0.57/turn    L - +5 ring of evasion
MPRegen 0.24/turn

%: reflection, clarity
@: healing quickly
A: alive, fangs 3, see invisible, vampiric 2, iridescent scales 1, clarity,
clever 2
a: Exsanguinate, Renounce Religion, Channel Magic, Forget Spell, Divine Exegesis


You were on level 5 of the Lair of Beasts.
You worshipped Sif Muna.
Sif Muna was extremely pleased with you.
You visited 3 branches of the dungeon, and saw 19 of its levels.
You also visited: Sewer and Ice Cave.

You collected 1297 gold pieces.
You spent 353 gold pieces at shops.

Inventory:

Hand Weapons
 a - a +3 spectral dagger
 d - a +1 dagger of venom
 p - the +7 dagger "Xinust" (weapon) {pain, rCorr Int-2 Dex+3}
   (You found it on level 2 of the Lair of Beasts)

   Int-2:     It affects your intelligence (-2).
   Dex+3:     It affects your dexterity (+3).
   rCorr:     It protects you from acid and corrosion.
 q - a +1 long sword of electrocution
 y - a +4 dagger of freezing
 Z - the +9 trident "Macveseu" {heavy, rN+ Dex+6}
   (You found it on level 11 of the Dungeon)

   Dex+6:     It affects your dexterity (+6).
   rN+:       It protects you from negative energy.
Missiles
 l - 31 poisoned darts (quivered)
 K - 6 datura-tipped darts
 V - 2 curare-tipped darts
Armour
 f - a +0 pair of gloves (worn)
 x - a +1 buckler of protection (worn)
 M - a +2 robe of fire resistance
 P - a +0 helmet (worn)
 T - the +2 pair of boots of Tegatirchan (worn) {Str+3}
   (You bought it in a shop on level 8 of the Dungeon)

   Str+3:     It affects your strength (+3).
 W - a +0 cloak (worn)
 X - the +4 robe of the Charming Gods (worn) {rCorr Str+3 Stlth+}
   (You found it on level 10 of the Dungeon)

   Str+3:     It affects your strength (+3).
   rCorr:     It protects you from acid and corrosion.
   Stlth+:    It makes you more stealthy.
Magical Staves
 v - a staff of alchemy
Jewellery
 g - a ring of magical power (left hand)
 j - a ring of positive energy
 k - an amulet of reflection (around neck)
 n - a ring of fire
 F - a ring of ice
 G - a ring of protection from fire
 H - a ring of poison resistance
 L - a +5 ring of evasion (right hand)
Wands
 s - a wand of flame (53)
 w - a wand of paralysis (14)
 I - a wand of quicksilver (12)
 R - a wand of mindburst (13)
 S - a wand of digging (9)
 Y - a wand of roots (8)
Scrolls
 b - 3 scrolls of revelation
 e - 6 scrolls of teleportation
 h - 6 scrolls of fear
 t - 3 scrolls of blinking
 C - a scroll of enchant weapon
 E - a scroll of poison
 J - 3 scrolls of fog
 O - a scroll of vulnerability
Potions
 c - 5 potions of invisibility
 i - 6 potions of mutation
 m - 3 potions of cancellation
 o - 6 potions of curing
 r - 5 potions of might
 u - 2 potions of magic
 z - 2 potions of resistance
 A - 2 potions of haste
 B - 2 potions of brilliance
 D - 10 potions of ambrosia
 N - a potion of attraction
 Q - 3 potions of berserk rage
Miscellaneous
 U - a phial of floods


   Skills:
 * Level 7.5 Fighting
 + Level 9.3 Short Blades
 + Level 0.3(5.2) Long Blades
 + Level 0.5 Polearms
 + Level 0.1 Throwing
 * Level 10.0 Dodging
 + Level 12.8 Stealth
 + Level 6.0 Shields
 + Level 7.8 Spellcasting
 * Level 15.0 Hexes
 * Level 9.0 Necromancy
 * Level 7.8 Ice Magic
 * Level 6.9 Invocations
 * Level 6.2 Evocations


You had 5 spell levels left.
You knew the following spells:

 Your Spells              Type           Power      Damage    Failure   Level
a - Ensorcelled Hibernat  Hex/Ice        100%       N/A       1%          2
b - Confusing Touch       Hex            73%        N/A       1%          3
c - Tukima's Dance        Hex            73%        N/A       1%          3
d - Anguish               Hex/Necr       32%        N/A       1%          4
e - Fugue of the Fallen   Necr           54%        N/A       1%          3
f - Cause Fear            Hex            36%        N/A       1%          4
g - Dispel Undead         Necr           54%        3d20      1%          4

Your spell library contained the following spells:

 Spells                   Type           Power      Damage    Failure   Level
 Necrotise                Necr           100%       1d9       1%          1
 Jinxbite                 Hex            100%       N/A       1%          2
 Sublimation of Blood     Necr           54%        N/A       1%          2
 Dazzling Flash           Conj/Hex       98%        N/A       1%          3
 Inner Flame              Hex/Fire       49%        N/A       1%          3
 Metabolic Englaciation   Hex/Ice        31%        N/A       1%          5
 Cigotuvi's Dreadful Rot  Necr/Alch/Air  50%        N/A       3%          2
 Summon Mana Viper        Hex/Summ       49%        N/A       10%         5
 Yara's Violent Unravell  Hex/Alch       24%        3d11      10%         5
 Blink                    Tloc           20%        N/A       12%         2
 Lesser Beckoning         Tloc           20%        N/A       12%         2
 Momentum Strike          Conj/Tloc      20%        3d8       12%         2
 Martyr's Knell           Necr/Summ      33%        N/A       12%         4
 Volatile Blastmotes      Fire/Tloc      20%        2d11      24%         3
 Animate Armour           Summ/Erth      20%        N/A       61%         4
 Flame Wave               Conj/Fire      10%        2d6       61%         4
 Fulminant Prism          Conj/Alch      5%         3d7       61%         4
 Iskenderun's Mystic Bla  Conj/Tloc      10%        2d4       61%         4
 Sticky Flame             Fire/Alch      10%        2d5       61%         4
 Summon Lightning Spire   Summ/Air       10%        N/A       61%         4
 Fireball                 Conj/Fire      5%         3d5       91%         5
 Lee's Rapid Deconstruct  Erth           5%         3d6*      91%         5
 Death Channel            Necr           27%        N/A       30%         6
 Sculpt Simulacrum        Ice/Alch       15%        N/A       94%         6
 Ozocubu's Refrigeration  Ice            25%        4d13      95%         7
 Dragon's Call            Summ           5%         N/A       100%        9
 Polar Vortex             Ice            25%        12d3*     100%        9


Dungeon Overview and Level Annotations

Branches:
Dungeon (13/15)            Temple (1/1) D:4            Lair (5/5) D:8
  Swamp (0/4) Lair:2        Snake (0/4) Lair:2        Slime (0/5) Lair:4
    Orc (0/2) D:9          Vaults (0/5) D:13          Sewer (visited)
  IceCv (visited)

Altars:
Ashenzari
Cheibriados
Dithmenos
Fedhas
Gozag
Hepliaklqana
Kikubaaqudgha
Makhleb
Nemelex Xobeh
Okawaru
Qazlal
Ru
Sif Muna
Trog
Uskayaw
Vehumet
Wu Jian
Xom
Yredelemnul
Jiyva

Shops:
D:2 *   D:3 !   D:8 [?[!   D:9 (

Portals:
Trove: D:12 (give +3 storm dragon scales)

Annotations:
D:12 exclusion: door


Innate Abilities, Weirdness & Mutations

Your natural rate of healing is accelerated.
You have razor-sharp teeth.
You have supernaturally acute eyesight. (SInv)
You are afflicted with vampirism and can become a bat while bloodless.
You are partially covered in iridescent scales. (AC +2)
You possess an exceptional clarity of mind.
Your mind is very acute. (Int +8, Str/Dex -2)


Message History

The death yak is lightly wounded.
The death yak gores you but does no damage.
The blink frog blinks!
You hit the death yak but do no damage.
The death yak is lightly wounded.
You hit the death yak but do no damage.
The death yak is lightly wounded.
You block the blink frog's attack. You block the death yak's attack.
You hit the death yak but do no damage.
The death yak is lightly wounded.
The blink frog closely misses you.
The death yak attacks as it pursues you!
The death yak closely misses you.
The blink frog blinks!
You hit the death yak but do no damage.
The death yak appears confused.
The death yak is lightly wounded.
You block the death yak's attack.
You hit the death yak but do no damage.
The death yak writhes in agony.
You bite the death yak.
The death yak is lightly wounded.
You strike the helpless death yak from behind!
You stick the death yak like a pincushion!!!
The death yak is heavily wounded.
The death yak gores you but does no damage.
The death yak misses you. The blink frog misses you.
You hit the death yak.
The death yak writhes in agony.
The death yak is severely wounded.
You block the death yak's attack. The death yak misses you.
The death yak gores itself but does no damage.
You barely miss the death yak.
The death yak is heavily wounded.
You block the blink frog's attack.
You hit the death yak but do no damage.
The death yak writhes in agony.
The death yak is severely wounded.
You block the blink frog's attack. You block the death yak's attack.
You hit the death yak.
The death yak writhes in agony.
The death yak is severely wounded.
The blink frog hits you.
* * * LOW HITPOINT WARNING * * *
The death yak closely misses you. The death yak gores you!!
You die...

......$.. ..
............... ..
#......# ...# . ...
#.....###.####. ....
#.....#P...#.. ..#
..P##............. ...#
... #............##...##
... ##....†P#...F#....P#
#.###......##...@Y#...##
...###....#.##.##YY....#
#.###.......####.#.#....P
..#.#.....#..##YY#.#.....
..............FY.........
.##..P.#..#^....##.##.#
######P###.###### ## ###
###


You could see 3 death yaks and a blink frog.

Vanquished Creatures
  A hydra (Lair:4)
  A catoblepas (Lair:2)
  2 vault guards (D:13)
  A ghost crab (Lair:2)
  2 ironbound frosthearts (IceCv)
  2 boulder beetles
  A centaur warrior (D:13)
  2 two-headed ogres
  2 tengu warriors (D:13)
  5 death yaks
  A deep elf knight (D:13)
  The ghost of domi the Reanimator, a novice VSNe of Wu Jian (D:10)
  A skyshark (Lair:3)
  2 orc knights (D:13)
  An arcanist (D:13)
  A deep elf archer (D:13)
  A lindwurm (Lair:3)
  3 ugly things
  2 cyclopes
  5 manticores
  5 elephants (Lair:2)
  Maurice (D:9)
  A meliai (D:13)
  3 black mambas
  A salamander (Lair:2)
  2 torpor snails
  2 ice statues
  12 cane toads
  3 rime drakes
  3 gargoyles
  A yaktaur (D:13)
  An unseen horror (D:11)
  13 komodo dragons
  Maggie (D:9)
  5 trolls
  A freezing wraith (Lair:3)
  14 polar bears
  A queen bee (D:11)
  A queen bee (shapeshifter) (D:13)
  2 hornets (D:10)
  Grinder (D:5)
  24 blink frogs
  11 dream sheep
  A spectral elephant (Lair:2)
  Prince Ribbit (D:5)
  2 vampires
  4 shadows
  Sigmund (D:3)
  2 wyverns
  2 wraiths
  45 yaks
  A human (D:13)
  Menkaure (D:7)
  8 vampire mosquitoes (D:11)
  2 nagas (Lair:2)
  A spectral cane toad (Lair:2)
  4 acid dragons
  10 water moccasins
  Duvessa (D:5)
  6 ice beasts (Lair:3)
  7 orc warriors
  3 black bears
  2 sky beasts
  A crocodile (Sewer)
  2 centaurs
  21 wolves
  A kobold brigand (D:10)
  13 bullfrogs
  8 scorpions
  4 wights
  Dowan (D:5)
  23 killer bees (D:11)
  An electric eel (D:6)
  3 howler monkeys
  7 orc priests
  A bombardier beetle (D:5)
  2 jellies
  A gnoll bouda (D:9)
  5 hounds
  A sleepcap (D:6)
  5 iguanas
  Ijyb (D:4)
  9 orc wizards
  6 gnolls
  4 adders
  A shadow imp (D:8)
  4 white imps
  2 ufetubi (D:7)
  6 ribbon worms
  2 dart slugs
  38 orcs
  6 endoplasms
  4 giant cockroaches
  7 goblins
  7 hobgoblins
  16 jackals
  3 quokkas
  11 ball pythons
  13 bats
  2 frilled lizards
  18 kobolds
  3 rats
513 creatures vanquished.

Vanquished Creatures (collateral kills)
  A vault guard (D:13)
  A two-headed ogre (D:12)
  An arcanist (D:13)
  Pikel (D:7)
  3 orc warriors (D:7)
  A black bear (D:7)
  A centaur (D:9)
  A kobold brigand (D:7)
  4 wights
  An orc priest (D:7)
  2 gnolls (D:5)
  4 orcs
  A kobold (D:4)
22 creatures vanquished.

Vanquished Creatures (others)
  A hydra (Lair:5)
  An ogre mage (D:13)
  9 dancing weapons
  A blink frog (Lair:5)
  A spectral weapon (D:13)
13 creatures vanquished.

Grand Total: 548 creatures vanquished

Notes
Turn   | Place    | Note
-------+----------+-------------------------------------------
     0 | D:1      | Ekaitz the Vampire Enchanter began the quest for the Orb.
     0 | D:1      | Reached XP level 1. HP: 13/13 MP: 3/3
   175 | D:1      | Reached XP level 2. HP: 19/19 MP: 5/5
   178 | D:1      | Learned a level 2 spell: Ensorcelled Hibernation
   456 | D:1      | You fall into a shaft and drop 1 floor!
   485 | D:2      | Reached skill level 5 in Stealth
   753 | D:2      | Found Ceociluw's General Store.
   788 | D:2      | Reached skill level 5 in Hexes
   788 | D:2      | Gained mutation: You are afflicted with vampirism and can
                  | become a bat while bloodless. [Vampire growth]
   788 | D:2      | Reached XP level 3. HP: 24/25 MP: 6/6
   792 | D:2      | Learned a level 3 spell: Confusing Touch
   793 | D:2      | Bought a scroll of identify for 24 gold pieces
   926 | D:2      | Found an opulent altar of Gozag.
  1177 | D:1      | Reached skill level 1 in Fighting
  1522 | D:2      | Reached XP level 4. HP: 5/32 MP: 7/7
  1840 | D:3      | Found Yhuicufi's Distillery.
  1903 | D:3      | Found a faded altar of an unknown god.
  1949 | D:3      | Noticed Sigmund
  2191 | D:3      | Killed Sigmund
  2192 | D:3      | Reached skill level 1 in Shields
  2192 | D:3      | Reached skill level 1 in Ice Magic
  2192 | D:3      | Reached XP level 5. HP: 37/37 MP: 8/8
  2478 | D:4      | Reached XP level 6. HP: 43/44 MP: 9/9
  2482 | D:4      | Learned a level 3 spell: Tukima's Dance
  2753 | D:4      | Reached skill level 6 in Hexes
  2923 | D:4      | Found a hide-covered altar of Uskayaw.
  3029 | D:4      | Noticed Ijyb
  3032 | D:4      | Paralysed by Ijyb for 4 turns
  3038 | D:4      | Killed Ijyb
  3039 | D:4      | Reached XP level 7. HP: 50/50 MP: 10/10
  3072 | D:4      | Found a staircase to the Ecumenical Temple.
  3085 | Temple   | Entered the Ecumenical Temple
  3130 | Temple   | Became a worshipper of Sif Muna the Loreminder
  3222 | D:5      | Entered Level 5 of the Dungeon
  3270 | D:5      | Noticed Prince Ribbit
  3285 | D:5      | Killed Prince Ribbit
  3313 | D:5      | Noticed Duvessa
  3339 | D:5      | Killed Duvessa
  3340 | D:5      | Reached skill level 1 in Invocations
  3341 | D:5      | Noticed Dowan
  3424 | D:5      | Found a glowing drain.
  3486 | Sewer    | Entered a sewer
  3770 | Sewer    | Reached * piety under Sif Muna
  3790 | Sewer    | Gained mutation: You are partially covered in iridescent
                  | scales. (AC +2) [potion of mutation]
  3790 | Sewer    | Gained mutation: A frigid envelope surrounds you and
                  | freezes all who hurt you. [potion of mutation]
  3790 | Sewer    | Gained mutation: You occasionally shout uncontrollably at
                  | your foes. [potion of mutation]
  3790 | Sewer    | Gained mutation: You are mostly covered in iridescent
                  | scales. (AC +4) [potion of mutation]
  3804 | Sewer    | Reached XP level 8. HP: 57/57 MP: 12/12
  4064 | D:5      | Found a hazy altar of Hepliaklqana.
  4193 | D:5      | Reached skill level 7 in Hexes
  4397 | D:5      | Noticed Grinder
  4413 | D:5      | Killed Dowan
  4445 | D:5      | Killed Grinder
  4451 | D:5      | Learned a level 4 spell: Anguish
  5115 | D:6      | Reached skill level 1 in Necromancy
  5169 | D:6      | Reached ** piety under Sif Muna
  5174 | D:6      | Reached skill level 8 in Hexes
  5174 | D:6      | Reached XP level 9. HP: 56/64 MP: 14/14
  5241 | D:6      | Found a broken altar of Ashenzari.
  5246 | D:6      | Reached skill level 5 in Dodging
  5535 | D:6      | Reached skill level 1 in Evocations
  5539 | D:6      | Learned a level 3 spell: Fugue of the Fallen
  6121 | D:7      | Noticed Pikel
  6136 | D:7      | Killed Pikel
  6137 | D:7      | Reached skill level 9 in Hexes
  6168 | D:7      | Found a shimmering altar of Xom.
  6209 | D:7      | Reached *** piety under Sif Muna
  6239 | D:7      | Reached XP level 10. HP: 65/71 MP: 16/16
  6301 | D:7      | Noticed Menkaure
  6310 | D:7      | Killed Menkaure
  6699 | D:7      | Found a snail-covered altar of Cheibriados.
  6910 | D:8      | Found Nujuck's Distillery.
  6960 | D:8      | Found Cumobots's Magic Scroll Emporium.
  6969 | D:8      | Bought a scroll of blinking for 82 gold pieces
  7036 | D:8      | Reached skill level 5 in Short Blades
  7093 | D:8      | Found Hiashor's Antique Armour Emporium.
  7100 | D:8      | Bought a pair of faintly glowing boots for 247 gold pieces
  7100 | D:8      | Identified the +2 pair of boots of Tegatirchan {Str+3} (You
                  | bought it in a shop on level 8 of the Dungeon)
  7137 | D:8      | Found a burning altar of Makhleb.
  7192 | D:8      | Noticed a two-headed ogre
  7200 | D:8      | Killed a two-headed ogre
  7396 | D:8      | Found Sufixa's Antique Armour Boutique.
  7517 | D:8      | Found a staircase to the Lair.
  7565 | D:8      | Found a sacrificial altar of Ru.
  7615 | D:8      | Reached skill level 10 in Hexes
  7620 | D:8      | Found an ornate altar of the Wu Jian Council.
  7620 | D:8      | Found a blossoming altar of Fedhas.
  7649 | D:8      | Found a stormy altar of Qazlal.
  7963 | D:9      | Found a staircase to the Orcish Mines.
  7965 | D:9      | Found Likocid's Weapon Emporium.
  8007 | D:9      | Reached skill level 5 in Spellcasting
  8172 | D:9      | Reached **** piety under Sif Muna
  8750 | D:9      | Noticed Maggie
  8760 | D:9      | Killed Maggie
  8767 | D:9      | Reached XP level 11. HP: 74/78 MP: 18/18
  8814 | D:9      | Reached skill level 5 in Ice Magic
  8819 | D:9      | Learned a level 4 spell: Dispel Undead
  8827 | D:9      | Noticed Maurice
  8834 | D:9      | Killed Maurice
  8963 | D:9      | Found a radiant altar of Vehumet.
  8972 | D:9      | Found a sparkling altar of Nemelex Xobeh.
  9126 | D:10     | Entered Level 10 of the Dungeon
  9390 | D:10     | Reached skill level 11 in Hexes
  9433 | D:10     | Found a runed translucent door.
  9435 | D:10     | Noticed domi's ghost (novice VSNe)
  9476 | D:10     | Identified the +4 robe of the Charming Gods {rCorr Str+3
                  | Stlth+}
  9763 | D:10     | Found a shadowy altar of Dithmenos.
  9838 | D:10     | Killed domi's ghost
 10060 | D:11     | Identified the +9 trident "Macveseu" {heavy, rN+ Dex+6}
 10116 | D:11     | Reached skill level 5 in Fighting
 10143 | D:11     | Reached skill level 10 in Stealth
 10179 | D:11     | Reached skill level 5 in Necromancy
 10248 | D:11     | Reached ***** piety under Sif Muna
 10309 | D:11     | Received a gift from Sif Muna
 10339 | D:11     | Found a frozen archway.
 10481 | IceCv    | Entered an ice cave
 10517 | IceCv    | Reached XP level 12. HP: 59/86 MP: 21/21
 10706 | IceCv    | Learned a level 4 spell: Cause Fear
 10987 | IceCv    | Noticed a death yak
 10993 | IceCv    | Reached skill level 12 in Hexes
 11031 | IceCv    | Killed a death yak
 11288 | IceCv    | Noticed an ironbound frostheart
 11294 | IceCv    | Killed an ironbound frostheart
 11295 | IceCv    | Reached skill level 5 in Invocations
 11298 | IceCv    | Noticed an ironbound frostheart
 11318 | IceCv    | Killed an ironbound frostheart
 12562 | D:12     | Noticed a two-headed ogre
 12572 | D:12     | Killed a two-headed ogre
 12800 | D:12     | Found a portal to a secret trove of treasure.
 13087 | D:12     | Reached XP level 13. HP: 54/93 MP: 23/23
 13340 | D:13     | Reached skill level 5 in Evocations
 13380 | D:13     | Reached skill level 13 in Hexes
 13423 | D:13     | Received a gift from Sif Muna
 13752 | D:13     | Identified the +8 flail of Chaos {vamp, rElec rCorr Dex+2}
 14636 | D:13     | Found a gate to the Vaults.
 14643 | D:13     | Reached skill level 5 in Shields
 14808 | Lair:1   | Entered Level 1 of the Lair of Beasts
 15829 | Lair:2   | Found a staircase to the Snake Pit.
 15855 | Lair:2   | Received a gift from Sif Muna
 15856 | Lair:2   | Got Sif Muna's Octavo of Malisons and Misery {god gift}
 15955 | Lair:2   | Reached skill level 14 in Hexes
 15955 | Lair:2   | Reached XP level 14. HP: 92/101 MP: 25/25
 16103 | Lair:2   | Identified the +7 dagger "Xinust" {pain, rCorr Int-2 Dex+3}
 16762 | Lair:2   | Found a staircase to the Swamp.
 16997 | Lair:3   | You fall into a shaft and drop 1 floor!
 17014 | Lair:4   | Lost mutation: A frigid envelope surrounds you and freezes
                  | all who hurt you. [potion of mutation]
 17014 | Lair:4   | Lost mutation: You occasionally shout uncontrollably at
                  | your foes. [potion of mutation]
 17014 | Lair:4   | Lost mutation: You are mostly covered in iridescent scales.
                  | (AC +4) [potion of mutation]
 17014 | Lair:4   | Gained mutation: You possess an exceptional clarity of
                  | mind. [potion of mutation]
 17014 | Lair:4   | Gained mutation: Your mind is acute. (Int +4, Str/Dex -1)
                  | [potion of mutation]
 17014 | Lair:4   | Gained mutation: Your mind is very acute. (Int +8, Str/Dex
                  | -2) [potion of mutation]
 18427 | Lair:4   | Found a staircase to the Slime Pits.
 18428 | Lair:4   | Found a viscous altar of Jiyva.
 18858 | Lair:3   | Identified the amulet of Qereasm {Spirit Harm Str+5}
 19026 | Lair:5   | Entered Level 5 of the Lair of Beasts
 19698 | Lair:5   | Reached skill level 15 in Hexes
 19724 | Lair:5   | Reached skill level 10 in Dodging
 19767 | Lair:5   | Slain by a death yak

Illustrated notes

Levels and vault maps discovered:
D:1:      minmay_arrival_four_circles, layout_basic,
          hangedman_decor_clover_reticule
D:2:      layout_loops_cross, basic_altar, serial_shops, shop
D:3:      cheibrodos_helix_gallery, layout_loops_ring, serial_shops,
          nicolae_shop_industrial_runoff,
          shapermc_ecumenical_altar_mp_ritualfount, roderic_batcave,
          kennysheep_small_spiral, uniq_sigmund
D:4:      layout_loops_cross, nicolae_uskayaw_suspiria,
          minmay_temple_entry_statues_fountains, uniq_ijyb
D:5:      layout_layer_cave, old_standard_altar, cheibrodos_sewer_entry_bend,
          uniq_prince_ribbit1, uniq_duvessa, uniq_grinder
D:6:      layout_cave_pools, nicolae_ashenzari_skybound, minivault_23,
          nicolae_lava_and_water
D:7:      layout_rooms, mainiacjoe_overflow_paths, cheibrodos_worm_habitat,
          st_stairs_14, minmay_hedge_maze, grunt_ministairs_8,
          minmay_quadrilaterals, uniq_menkaure, uniq_pikel
D:8:      layout_cave_pods, mainiacjoe_overflow_surrounded_room,
          grunt_temple_overflow_open, lair_entry_dummy, serial_shops,
          nicolae_shop_tiny_real_fake_doors, nicolae_lakefront_shop,
          nicolae_shop_window_shopping, shop
D:9:      layout_irregular_city, mainiacjoe_overflow_tiny_flanked,
          mainiacjoe_overflow_swirl, orc_david_3, uniq_maurice, uniq_maggie
D:10:     layout_cave_pools, nicolae_dithmenos_the_darkroom,
          ebering_ghost_reflecting_pool, hex_tiny
D:11:     layout_basic, special_room [special_room_bee], portal_ice_cave_rime
D:12:     layout_roguey, nicolae_trove_entry_path_of_doom
D:13:     layout_roguey, grunt_vaults_entry_fortified, kennysheep_generic_room_2
Temple:   hellmonk_temple_of_storms
Lair:1:   layout_concentric_octagons, chequers_serial_rivers_micro_e,
          nicolae_quartered_pool_super, grunt_megastairs_2
Lair:2:   layout_regular_city, nicolae_swamp_entry_spooky,
          alex1729_snake_entry_snake
Lair:3:   layout_cellular_growth, ice2_lemuel
Lair:4:   layout_cellular_growth, slime_entry_1, grunt_megastairs_1
Lair:5:   evilmike_catoblepas_cave, layout_regular_city,
          infiniplex_staircase_pool_2

Skill      XL: |  1  2  3  4  5  6  7  8  9 10 11 12 13 14 |
---------------+-------------------------------------------+-----
Stealth        | 5 6 7 8 9 10 11 12 | 12.8
Hexes          | 5 6 8 9 10 11 12 14 15 | 15.0
Fighting       | 1 2 3 4 5 6 7 |  7.5
Short Blades   | 2 3 4 6 7 8 9 |  9.3
Dodging        | 3 4 5 6 7 8 9 10 | 10.0
Shields        | 1 2 3 4 5 6 |  6.0
Ice Magic      | 1 2 3 4 5 6 7 |  7.8
Spellcasting   | 3 4 5 6 7 |  7.8
Invocations    | 1 2 3 4 5 6 |  6.9
Necromancy     | 1 2 4 5 7 9 |  9.0
Evocations     | 1 2 3 4 5 6 |  6.2
Long Blades    | |  0.3
Polearms       | |  0.5
Throwing       | |  0.1

Action                     |  1- 3 |  4- 6 |  7- 9 | 10-12 | 13-15 || total
---------------------------+-------+-------+-------+-------+-------++-------
  Melee: Dagger            |    97 |   109 |   279 |   712 |   771 ||  1968
         Bite              |    12 |    10 |    37 |   117 |   131 ||   307
         Punch             |       |     1 |     4 |    18 |       ||    23
         Trident           |       |       |       |    48 |       ||    48
         Long sword        |       |       |       |       |    32 ||    32
  Throw: Dart              |       |       |       |     1 |    11 ||    12
   Cast: Ensorcelled Hiber |    13 |    16 |    34 |    69 |   112 ||   244
         Confusing Touch   |       |     2 |    12 |    36 |     6 ||    56
         Tukima's Dance    |       |     1 |    22 |    33 |    29 ||    85
         Fugue of the Fall |       |       |     1 |     4 |       ||     5
         Dispel Undead     |       |       |       |    17 |    10 ||    27
         Cause Fear        |       |       |       |     2 |       ||     2
         Anguish           |       |       |       |       |    12 ||    12
  Evoke: Wand              |       |       |       |       |     2 ||     2
    Use: Potion            |       |       |     6 |     1 |     6 ||    13
         Scroll            |       |       |       |    13 |     5 ||    18
   Stab: Sleeping          |    24 |    14 |    25 |    47 |    71 ||   181
         Confused          |       |     1 |     4 |    28 |     5 ||    38
         Distracted        |       |       |     2 |     3 |     6 ||    11
 Armour: Robe              |    46 |    67 |   133 |   385 |   273 ||   904
  Dodge: Dodged            |    58 |   106 |   172 |   644 |   425 ||  1405
  Block: Other             |     6 |    37 |    58 |   162 |     5 ||   268
         Reflection        |       |       |       |     4 |    18 ||    22
         Buckler           |       |       |       |       |   363 ||   363
